 Dungeon Crawl Stone Soup version 0.25.0-11-g1f837a76a1 (webtiles) character file.

Game seed: 1864006645703101782

49170 Ge0ff the Unseen (level 14, -2/72 HPs)
             Began as a Spriggan Enchanter on June 24, 2020.
             Was the Champion of Dithmenos.
             Slain by a bone dragon (23 damage)
             ... on level 4 of the Swamp.
             The game lasted 01:44:06 (22267 turns).

Ge0ff the Unseen (Spriggan Enchanter)              Turns: 22267, Time: 01:44:07

Health: -2/72      AC:  4    Str:  4    XL:     14   Next: 15%
Magic:  23/27      EV: 29    Int: 24    God:    Dithmenos [******]
Gold:   5211       SH:  6    Dex: 19    Spells: 5/29 levels left

rFire    + . .     SeeInvis +   a - +8 dagger (flame)
rCold    + . .     Gourm    .   Q - +0 buckler
rNeg     . . .     Faith    .   H - +2 robe {MR+}
rPois    .         Spirit   .   (helmet restricted)
rElec    .         Reflect  .   Y - scarf {rC+ rF+}
rCorr    .         Harm     .   (gloves unavailable)
MR       +++..                  (boots unavailable)
Stlth    ++++++++++             A - amulet "Forget-Me-Not" {Acrobat *Corrode +Blink Int+5}
HPRegen  0.22/turn              R - ring of wizardry {=R}
MPRegen  0.20/turn              t - ring of flight

@: flying, wreathed by umbra, very quick
A: very small, unfitting armour, see invisible, herbivore, speed 3, slow
metabolism 2
a: Shadow Step, Shadow Form, Renounce Religion, Evoke Blink


You were on level 4 of the Swamp.
You worshipped Dithmenos.
Dithmenos was exalted by your worship.
You were not hungry.

You visited 4 branches of the dungeon, and saw 27 of its levels.

You collected 5715 gold pieces.
You spent 504 gold pieces at shops.

Inventory:

Hand Weapons
 a - a +8 dagger of flaming (weapon)
 b - a +1 short sword of speed
 w - a +1 dagger of venom
 S - the +0 whip "Houq" {venom, rC+ rN++ Dex-2}
   (You found it on level 7 of the Dungeon)

   It poisons the flesh of those it strikes.
   It affects your dexterity (-2).
   It protects you from cold.
   It greatly protects you from negative energy.
Missiles
 g - 5 throwing nets {=f}
 h - 5 boomerangs of dispersal
 D - 17 boomerangs
 K - 8 atropa-tipped darts (quivered)
 N - 3 datura-tipped darts {=f}
Armour
 f - a +0 troll leather armour
 j - +0 acid dragon scales
 G - a +0 cloak
 H - a +2 robe of magic resistance (worn)
 Q - a +0 buckler (worn)
 Y - a scarf of resistance (worn)
Jewellery
 t - a ring of flight (right hand)
 v - an uncursed ring of fire
 A - the amulet "Forget-Me-Not" (around neck) {Acrobat *Corrode +Blink Int+5}
   (You found it on level 1 of the Lair of Beasts)

   [amulet of the acrobat]

   It helps you evade while moving and waiting.
   It affects your intelligence (+5).
   It lets you blink.
   It may corrode you when you take damage.
 L - an uncursed ring of protection from cold
 R - a ring of wizardry (left hand) {=R}
Wands
 d - a wand of digging (12)
 e - a wand of enslavement (16)
 k - a wand of iceblast (8)
 p - a wand of paralysis (22)
 s - a wand of disintegration (9)
 x - a wand of random effects (9)
 P - a wand of polymorph (18)
Scrolls
 i - 2 scrolls of summoning {unknown}
 l - 6 scrolls of enchant armour
 m - 5 scrolls of magic mapping
 o - 2 scrolls of amnesia
 u - a scroll of holy word
 y - 2 scrolls of immolation
 C - 5 scrolls of remove curse
 E - 4 scrolls of fear
 F - a scroll of fog
 T - 8 scrolls of teleportation
 V - a scroll of vulnerability
Potions
 n - 3 potions of magic {!q}
 q - 5 potions of curing
 z - 3 potions of brilliance
 B - 3 potions of cancellation {!q}
 I - 4 potions of invisibility
 J - 9 potions of haste {!q}
 M - 2 potions of might
 O - 3 potions of stabbing
 U - 4 potions of mutation
 W - 7 potions of heal wounds {!q}
 X - a potion of flight
 Z - a potion of berserk rage {!q}
Comestibles
 r - 23 rations


   Skills:
 + Level 7.6 Fighting
 - Level 10.0 Short Blades
 + Level 12.6 Dodging
 + Level 18.0 Stealth
 - Level 2.0 Shields
 - Level 8.0 Spellcasting
 - Level 1.0 Conjurations
 - Level 10.0 Hexes
 - Level 2.0 Ice Magic
 - Level 1.0 Air Magic
 - Level 1.0 Poison Magic
 + Level 8.2 Invocations
 + Level 9.7 Evocations


You had 5 spell levels left.
You knew the following spells:

 Your Spells              Type           Power        Failure   Level  Hunger
c - Blink                 Tloc           N/A          6%          2    None
d - Tukima's Dance        Hex            ######..     1%          3    None
f - Mephitic Cloud        Conj/Pois/Air  ##......     8%          3    None
k - Ensorcelled Hibernat  Hex/Ice        #####.       1%          2    None
m - Dazzling Flash        Conj/Hex       #####.       1%          3    None
q - Swiftness             Chrm/Air       ##......     4%          2    None
s - Call Imp              Summ           #.......     6%          2    None
t - Confusing Touch       Hex            ######..     1%          3    None
F - Cause Fear            Hex            ######....   1%          4    ##.....

Your spell library contained the following spells:

 Spells                   Type           Power        Failure   Level  Hunger
 Corona                   Hex            ######.      1%          1    None
 Freeze                   Ice            ###.         1%          1    None
 Slow                     Hex            ######..     1%          2    None
 Magic Dart               Conj           ##..         2%          1    None
 Shock                    Conj/Air       ##..         2%          1    None
 Foxfire                  Conj/Fire      ##..         3%          1    None
 Frozen Ramparts          Ice            ###...       4%          3    None
 Ozocubu's Armour         Chrm/Ice       ##......     8%          3    None
 Static Discharge         Conj/Air       ##......     8%          3    None
 Conjure Flame            Conj/Fire      ##......     9%          3    None
 Hailstorm                Conj/Ice       ###.....     21%         4    ##.....
 Airstrike                Air            ##........   24%         4    ##.....
 Summon Ice Beast         Ice/Summ       ##......     24%         4    ##.....
 Lightning Bolt           Conj/Air       ##........   52%         5    #####..
 Dragon Form              Tmut           #.........   100%        7    #######
 Dragon's Call            Summ           #.........   100%        9    #######


Dungeon Overview and Level Annotations

Branches:
Dungeon (15/15)            Temple (0/1) D:6            Lair (6/6) D:8
  Swamp (4/4) Lair:4        Snake (0/4) Lair:3        Slime (0/5) Lair:6
    Orc (2/2) D:10            Elf (0/3) Orc:2        Vaults (0/5) D:13
 Depths (0/5) D:15

Altars:
Dithmenos
Elyvilon
Fedhas
Okawaru
Ru
Sif Muna
Trog
Vehumet
Xom
The Shining One
Jiyva

Shops:
Orc:2 ([}!

Annotations:
D:6 Prince Ribbit
D:12 exclusions: cyclops, fire elemental and hell hound
D:14 exclusion: simulacrum
D:15 exclusion: slime creature
Orc:1 2 transporters, Delamore's ghost, journeyman GrFi


Innate Abilities, Weirdness & Mutations

You are very small and have problems with some larger weapons.
You are too small for most types of armour.
You have supernaturally acute eyesight. (SInv)
You are a herbivore.
You cover ground extremely quickly.
You need to consume almost no food.


Message History

You block the insubstantial wisp's attack.
The ghost crab enters a dispersal trap!
The phantom blinks!
The spectral tyrant leech blinks!
The phantom blinks! x2
The insubstantial wisp blinks! x2; The phantom blinks!
The ghost crab blinks!
The spectral swamp drake blinks!
The ghost crab blinks!
The phantom blinks!
The insubstantial wisp blinks! x4; The bone dragon misses you.
The bone dragon completely misses you. The bone dragon misses you.
The phantom blinks!
The ghost crab breathes spectral mist at you.
The spectral mist engulfs the bone dragon but does no damage.
The insubstantial wisp is engulfed in spectral mist.
Use which ability? (? or * to list)
You fail to use your ability.
You are engulfed in spectral mist.
* * * LOW HITPOINT WARNING * * *
The phantom blinks!
The insubstantial wisp is engulfed in spectral mist.
The phantom misses you. You block the phantom's attack.
The ghost crab barely misses you. The ghost crab misses you.
The bone dragon bites you!!
You die...

.♣♣≈≈......≈≈≈♣
.≈♣≈≈≈≈.†≈≈Z≈≈#
≈.≈♣≈≈≈≈≈≈≈≈Z#
≈≈.♣##≈≈≈≈≈###
≈≈≈♣ #†.≈≈##
..♣♣ #...###
###### §♣♣
##...°# ##t§○Z#
.♣
#...○###φvW☼☼##
♣♣
##.○○##.vW@DW☼#
.♣
#○§○###.vZtt§##
≈♣
##§§.##.WWv.§○#
.≈♣
##§§####§°...#
.♣#
#§§.####Z°^##
♣♣
##§.°###v○v##
##≈.°##○°W.# .
##○.###§°## ..Z
#..#..§☼#


You could see a bone dragon, 3 ghost crabs, 2 spectral tyrant leeches, a
spectral swamp drake (summoned), 6 phantoms and 6 insubstantial wisps.

Vanquished Creatures
  Frances (D:14)
  A frost giant (D:15)
  Harold (D:11)
  5 hydras
  A centaur warrior (D:15)
  A dancing weapon (D:13)
  3 orc high priests (Orc:2)
  4 unseen horrors
  A lindwurm (Lair:6)
  Pikel (D:8)
  2 orc sorcerers (Orc:2)
  3 manticores
  3 cyclopes
  4 orc knights (Orc:2)
  Maurice (D:11)
  An elephant (Lair:6)
  A centaur zombie (D:13)
  A black mamba (Lair:2)
  A gargoyle (D:15)
  9 spiny frogs
  3 rime drakes
  8 komodo dragons
  2 swamp worm zombies (Swamp:4)
  A kobold demonologist (D:15)
  2 trolls
  2 polar bears
  11 slime creatures
  6 hippogriffs
  3 bog bodies (Swamp:4)
  An alligator zombie (Swamp:4)
  12 blink frogs
  A spriggan (D:7)
  2 wyverns
  A shadow (D:10)
  A vampire (D:12)
  7 yaks
  3 wraiths
  A hungry ghost (D:10)
  2 basilisks
  2 steam dragons (D:8)
  4 vampire mosquitoes
  2 acid dragons
  2 swamp worms (Swamp:1)
  2 wargs
  9 water moccasins
  A naga (Lair:3)
  A swamp drake (Lair:4)
  9 porcupines
  18 orc warriors
  A hornet zombie (D:15)
  2 ice beasts
  2 sky beasts
  A black bear (shapeshifter) (D:15)
  2 black bears
  3 phantoms
  8 ogres
  5 boggarts (D:15)
  17 wolves
  4 centaurs
  10 crocodiles
  6 big kobolds
  A wyvern zombie (D:13)
  11 bullfrogs
  2 scorpions
  A water moccasin skeleton (D:7)
  6 killer bees
  10 wights
  5 howler monkeys
  A bullfrog zombie (D:12)
  4 crimson imps
  5 jellies
  3 quasits
  9 orc priests
  A hound (D:5)
  A gnoll shaman (D:9)
  17 orc wizards
  3 bullfrog skeletons
  3 centaur skeletons
  3 iguanas
  4 worker ants
  A killer bee zombie (D:9)
  2 worker ant zombies
  Robin (D:3)
  A howler monkey zombie (D:6)
  8 adders
  19 gnolls
  A howler monkey skeleton (D:8)
  4 shadow imps
  An ooze (D:5)
  An adder zombie (D:9)
  3 worms
  A dart slug (D:2)
  3 leopard geckos
  47 orcs
  2 ball pythons
  6 giant cockroaches
  28 hobgoblins
  6 jackals
  4 quokkas
  7 bats
  5 frilled lizards
  38 goblins
  19 kobolds
  A leopard gecko zombie (D:7)
  A quokka zombie (D:6)
  8 rats
533 creatures vanquished.

Vanquished Creatures (collateral kills)
  A polar bear (Lair:4)
  A blink frog (Lair:4)
  3 yaks (Lair:4)
  An orc warrior (Orc:2)
  A crocodile (Lair:4)
  An orc wizard (Orc:2)
  An orc (Orc:2)
9 creatures vanquished.

Vanquished Creatures (others)
  2 dancing weapons (Orc:2)
  An orc sorcerer (Orc:2)
  3 slaves (D:8)
  An ogre (D:10)
  A killer bee (D:8)
  An orc wizard (Orc:2)
  2 worker ants (D:10)
  A leopard gecko (D:10)
  2 orcs
  5 fungi
  A plant (Lair:2)
20 creatures vanquished.

Grand Total: 562 creatures vanquished

Notes
Turn   | Place    | Note
-------+----------+-------------------------------------------
     0 | D:1      | Ge0ff the Spriggan Enchanter began the quest for the Orb.
     0 | D:1      | Reached XP level 1. HP: 9/9 MP: 5/5
   637 | D:1      | Reached XP level 2. HP: 13/13 MP: 6/6
   701 | D:1      | Learned a level 2 spell: Ensorcelled Hibernation
  1904 | D:2      | Reached skill level 5 in Stealth
  1904 | D:2      | Reached XP level 3. HP: 16/16 MP: 8/8
  2038 | D:2      | Reached skill level 1 in Ice Magic
  2300 | D:2      | Reached skill level 1 in Fighting
  2308 | D:2      | Reached XP level 4. HP: 22/22 MP: 2/9
  3297 | D:2      | Learned a level 3 spell: Confusing Touch
  3301 | D:2      | Learned a level 3 spell: Tukima's Dance
  3709 | D:3      | Reached XP level 5. HP: 25/25 MP: 8/11
  3748 | D:3      | Found a blossoming altar of Fedhas.
  5269 | D:3      | Noticed Robin
  5313 | D:3      | Killed Robin
  6183 | D:3      | Reached skill level 6 in Stealth
  6183 | D:3      | Reached XP level 6. HP: 20/30 MP: 6/13
  6647 | D:3      | Reached skill level 5 in Hexes
  6647 | D:3      | Reached XP level 7. HP: 34/34 MP: 10/15
  7529 | D:5      | Entered Level 5 of the Dungeon
  7550 | D:5      | Reached skill level 5 in Spellcasting
  7693 | D:5      | Found a shadowy altar of Dithmenos.
  7703 | D:5      | Became a worshipper of Dithmenos the Shadowed
  7733 | D:5      | Learned a level 3 spell: Dazzling Flash
  8110 | D:5      | Reached skill level 5 in Short Blades
  8110 | D:5      | Reached skill level 7 in Stealth
  8259 | D:5      | Found a shimmering altar of Xom.
  8331 | D:6      | Reached XP level 8. HP: 39/39 MP: 17/17
  8362 | D:6      | Reached skill level 5 in Dodging
  8816 | D:6      | Reached skill level 1 in Conjurations
  8819 | D:6      | Noticed Prince Ribbit
  9141 | D:6      | Found a staircase to the Ecumenical Temple.
  9380 | D:6      | Reached * piety under Dithmenos
  9668 | D:7      | Learned a level 4 spell: Cause Fear
  9749 | D:7      | Reached skill level 8 in Stealth
  9834 | D:7      | Got a warped whip
  9892 | D:7      | Reached XP level 9. HP: 44/44 MP: 20/20
  9922 | D:7      | Identified the +0 whip "Houq" {venom, rC+ rN++ Dex-2} (You
                  | found it on level 7 of the Dungeon)
 10243 | D:8      | Noticed Pikel
 10276 | D:8      | Killed Pikel
 10276 | D:8      | Reached skill level 9 in Stealth
 10418 | D:8      | Found a staircase to the Lair.
 10782 | D:8      | Found a radiant altar of Vehumet.
 10783 | D:8      | Found a glowing golden altar of the Shining One.
 10840 | D:9      | Found a shimmering blue altar of Sif Muna.
 10846 | D:9      | You fall into a shaft and drop 3 floors!
 10857 | D:12     | Reached skill level 10 in Stealth
 10863 | D:12     | Noticed a cyclops
 10911 | D:11     | Noticed Maurice
 10920 | D:11     | Killed Maurice
 10952 | D:11     | Noticed a manticore
 10971 | D:11     | Reached skill level 1 in Evocations
 10971 | D:11     | Reached XP level 10. HP: 49/49 MP: 21/21
 10995 | D:10     | Entered Level 10 of the Dungeon
 10997 | D:10     | Found a staircase to the Orcish Mines.
 11000 | D:10     | Reached skill level 1 in Shields
 11000 | D:10     | Reached skill level 1 in Invocations
 11089 | D:9      | Reached ** piety under Dithmenos
 11485 | D:9      | Found an iron altar of Okawaru.
 11639 | D:10     | Found a shimmering altar of Xom.
 12456 | D:10     | Reached skill level 11 in Stealth
 12807 | D:11     | Reached *** piety under Dithmenos
 12864 | D:11     | Got a polished arbalest
 12917 | D:11     | Noticed a cyclops
 12923 | D:11     | Killed a cyclops
 12952 | D:11     | Reached XP level 11. HP: 53/53 MP: 18/24
 13114 | Lair:1   | Entered Level 1 of the Lair of Beasts
 13223 | Lair:1   | Got a bound bone amulet
 13224 | Lair:1   | Identified the amulet "Forget-Me-Not" {Acrobat *Corrode
                  | +Blink Int+5} (You found it on level 1 of the Lair of
                  | Beasts)
 13791 | Lair:2   | Reached skill level 12 in Stealth
 13941 | Lair:3   | You fall into a shaft and drop 2 floors!
 14039 | Lair:4   | You fall into a shaft and drop 2 floors!
 14039 | Lair:6   | Entered Level 6 of the Lair of Beasts
 14040 | Lair:6   | Noticed a death yak
 14199 | Lair:4   | Reached skill level 5 in Evocations
 14377 | Lair:3   | Reached skill level 10 in Short Blades
 14451 | Lair:3   | Found a staircase to the Snake Pit.
 14503 | Lair:3   | Reached skill level 5 in Fighting
 14561 | Lair:3   | Reached skill level 13 in Stealth
 14578 | Lair:3   | Reached **** piety under Dithmenos
 14773 | Lair:4   | Found a staircase to the Swamp.
 14865 | Lair:4   | Reached XP level 12. HP: 60/60 MP: 10/25
 15173 | Lair:5   | Reached skill level 5 in Invocations
 15276 | Lair:6   | Noticed an eight-headed hydra
 15282 | Lair:6   | Killed an eight-headed hydra
 15299 | Lair:6   | Reached skill level 14 in Stealth
 15370 | Lair:6   | Noticed a six-headed hydra
 15402 | Lair:6   | Noticed a four-headed hydra
 15422 | Lair:6   | Reached skill level 10 in Hexes
 15603 | Lair:6   | Noticed a death yak
 15604 | Lair:6   | Noticed a death yak
 15611 | Lair:6   | Found a staircase to the Slime Pits.
 15612 | Lair:6   | Found a viscous altar of Jiyva.
 15726 | Lair:6   | Reached skill level 10 in Dodging
 15780 | Lair:5   | Reached ***** piety under Dithmenos
 16073 | Orc:1    | Entered Level 1 of the Orcish Mines
 16358 | Orc:1    | Noticed an orc high priest
 16362 | Orc:1    | Found a bloodstained altar of Trog.
 16364 | Orc:1    | Identified the cursed +0 demon blade of Capital Punishment
                  | {antimagic, rC+ Str+3}
 16364 | Orc:1    | Noticed Delamore's ghost (journeyman GrFi)
 16371 | Orc:1    | Found a transporter.
 16374 | Orc:1    | Reached skill level 15 in Stealth
 16387 | Orc:1    | Noticed a two-headed ogre
 16389 | Orc:1    | Found a transporter.
 16610 | Orc:2    | Entered Level 2 of the Orcish Mines
 17087 | Orc:2    | Found a staircase to the Elven Halls.
 17959 | Orc:2    | Noticed an orc high priest
 17959 | Orc:2    | Noticed an orc high priest
 17961 | Orc:2    | Noticed an orc high priest
 17965 | Orc:2    | Killed an orc high priest
 17965 | Orc:2    | Reached XP level 13. HP: 57/65 MP: 22/26
 18259 | Orc:2    | Reached skill level 16 in Stealth
 18265 | Orc:2    | Found Vuffymisk's Distillery.
 18265 | Orc:2    | Found Xoryicle's Gadget Shop.
 18268 | Orc:2    | Found Dull's Antique Armour Shoppe.
 18268 | Orc:2    | Found Isaoboon's Weapon Shop.
 18331 | Orc:2    | Bought 2 potions of curing for 84 gold pieces
 18331 | Orc:2    | Bought a potion of cancellation for 112 gold pieces
 18331 | Orc:2    | Bought a potion of haste for 140 gold pieces
 18331 | Orc:2    | Bought a potion of might for 56 gold pieces
 18331 | Orc:2    | Bought a potion of magic for 112 gold pieces
 18906 | D:13     | Found a gate to the Vaults.
 19256 | D:12     | Learned a level 2 spell: Blink
 19259 | D:12     | Learned a level 2 spell: Swiftness
 19262 | D:12     | Learned a level 2 spell: Call Imp
 19266 | D:12     | Learned a level 3 spell: Mephitic Cloud
 19287 | D:12     | Found a white marble altar of Elyvilon.
 19415 | D:11     | Noticed Harold
 19443 | D:11     | Killed Harold
 19937 | D:13     | Reached skill level 1 in Poison Magic
 20046 | D:13     | Reached skill level 1 in Air Magic
 20068 | D:14     | Noticed Frances
 20070 | D:14     | Killed Frances
 20071 | D:14     | Reached skill level 17 in Stealth
 20244 | D:15     | Entered Level 15 of the Dungeon
 20949 | D:15     | Reached ****** piety under Dithmenos
 21397 | D:15     | Found a sacrificial altar of Ru.
 21505 | D:15     | Found a staircase to the Depths.
 21505 | D:15     | Noticed a frost giant
 21507 | D:15     | Killed a frost giant
 21507 | D:15     | Reached XP level 14. HP: 72/72 MP: 25/27
 21607 | D:12     | Identified a scroll of acquirement
 21927 | Lair:3   | You fall into a shaft and drop 2 floors!
 21972 | Swamp:1  | Entered Level 1 of the Swamp
 22091 | Swamp:4  | Entered Level 4 of the Swamp
 22109 | Swamp:4  | Reached skill level 18 in Stealth
 22263 | Swamp:4  | Noticed a bone dragon
 22267 | Swamp:4  | Slain by a bone dragon

Illustrated notes

Levels and vault maps discovered:
D:1:      roderic_dead_forest, layout_basic
D:2:      layout_loops_corners
D:3:      minmay_goblin_kobold_castle, layout_rooms, first_ration, st_stairs_8,
          fedhas_altar_3, uniq_robin
D:4:      layout_gridville, hangedman_decor_riveting
D:5:      layout_rooms, basic_altar, grunt_dithmenos_smoke_and_mirrors
D:6:      layout_gridville, minmay_temple_entry_grid, serial_shops,
          nicolae_shop_stone, uniq_prince_ribbit1
D:7:      minmay_bubble_buster, layout_loops_ring, the_bakery
D:8:      cheibrodos_steamvent, layout_loops_ring,
          gammafunk_temple_overflow_pools, lair_entry_dummy,
          nicolae_benzene_ring, hangedman_abyss_or_decor_stabs, uniq_pikel
D:9:      layout_cave_pools, nicolae_ru_great_annihilating_truth,
          nicolae_overflow_crystal_walls, okawaru_altar_gauntlet_db
D:10:     layout_loops_ring, orc_0_dummy, xom_confusion_cloud
D:11:     layout_basic, uniq_maurice, uniq_harold
D:12:     layout_basic, enter_bailey_3, elyvilon_altar_4, uniq_azrael
D:13:     layout_roguey, erik_vaults_1
D:14:     layout_loops_ring, serial_park_tiny_pond, uniq_frances
D:15:     grunt_enter_depths_snipers, layout_long_grid, basic_altar
Lair:1:   beast_lair_carwin_large_3, layout_chaotic_city
Lair:2:   layout_gridlike, beast_lair_carwin_6, lemuel_fruit_tree
Lair:3:   layout_long_grid, minmay_snake_entry_guardpost_small,
          fungi_pond_lemuel, zaba_anthell
Lair:4:   layout_misc_corridors, minmay_swamp_entry_reptiles,
          grunt_megastairs_4, serial_bayou_shore_a
Lair:5:   layout_gridlike
Lair:6:   minmay_lair_end_enchanted_forest, layout_hall_layers, slime_altar_1,
          infiniplex_staircase_pool, serial_bayou_shore_b, serial_bayou_shore_b
Swamp:1:  layout_falls_marsh, infiniplex_staircase_pool_2
Swamp:2:  layout_basic_swamp, evilmike_swamp_ruin_house_3, swamp_pool2
Swamp:3:  layout_falls_marsh, nicolae_swamp_dense_foliage, swamp_pool2
Swamp:4:  swamp_pestilence, layout_basic_swamp
Orc:1:    layout_diamond_mine, gammafunk_ghost_wrathful_warriors
Orc:2:    grunt_orc_tribal_feast, layout_diamond_mine, nicolae_orc_bridge_out

Skill      XL: |  1  2  3  4  5  6  7  8  9 10 11 12 13 14 |
---------------+-------------------------------------------+-----
Spellcasting   | 3 4 5 7 8 |  8.0
Hexes          | 4 5 6 7 8 9 10 | 10.0
Short Blades   | 2 3 4 5 6 8 9 10 | 10.0
Stealth        | 5 6 7 8 10 11 13 15 17 18 | 18.0
Ice Magic      | 1 2 |  2.0
Fighting       | 1 2 3 4 5 6 7 |  7.6
Dodging        | 4 6 7 9 10 12 | 12.6
Conjurations   | 1 |  1.0
Evocations     | 1 4 5 8 9 |  9.7
Shields        | 2 |  2.0
Invocations    | 3 4 6 8 |  8.2
Poison Magic   | 1 |  1.0
Air Magic      | 1 |  1.0

Action                   |  1- 3 |  4- 6 |  7- 9 | 10-12 | 13-15 || total
-------------------------+-------+-------+-------+-------+-------++-------
Melee: Dagger            |    81 |   170 |   187 |   337 |   202 ||   977
Throw: Stone             |       |     1 |     1 |       |       ||     2
       Dart              |       |       |       |     5 |     6 ||    11
 Cast: Corona            |     7 |       |       |       |       ||     7
       Ensorcelled Hiber |    28 |   123 |    66 |   256 |    71 ||   544
       Confusing Touch   |       |     1 |    12 |    23 |    15 ||    51
       Cause Fear        |       |       |       |     3 |       ||     3
       Tukima's Dance    |       |       |       |     4 |     4 ||     8
       Dazzling Flash    |       |       |       |       |    10 ||    10
Invok: Shadow Step       |       |       |       |       |     1 ||     1
 Abil: Evoke Flight      |       |       |       |       |     5 ||     5
       Stop Flying       |       |       |       |       |     4 ||     4
       Evoke Blink       |       |       |       |       |     1 ||     1
Evoke: Wand              |       |       |       |     1 |     3 ||     4
  Use: Scroll            |     2 |     2 |     8 |    11 |    13 ||    36
       Potion            |       |       |       |       |     3 ||     3
 Stab: Sleeping          |    29 |    69 |    66 |   191 |    80 ||   435
       Distracted        |       |     1 |       |     2 |       ||     3
       Confused          |       |       |    13 |    22 |    15 ||    50
       Invisible         |       |       |       |       |     7 ||     7
  Eat: Ration            |       |     4 |     3 |     3 |     3 ||    13
Armor: Robe              |     8 |    12 |    12 |    11 |     3 ||    46
Dodge: Dodged            |    53 |   131 |   110 |   236 |   103 ||   633
Block: Buckler           |       |       |       |    73 |    36 ||   109

Levels and vault maps discovered:
D:1:      roderic_dead_forest, layout_basic
D:2:      layout_loops_corners
D:3:      minmay_goblin_kobold_castle, layout_rooms, first_ration, st_stairs_8,
          fedhas_altar_3, uniq_robin
D:4:      layout_gridville, hangedman_decor_riveting
D:5:      layout_rooms, basic_altar, grunt_dithmenos_smoke_and_mirrors
D:6:      layout_gridville, minmay_temple_entry_grid, serial_shops,
          nicolae_shop_stone, uniq_prince_ribbit1
D:7:      minmay_bubble_buster, layout_loops_ring, the_bakery
D:8:      cheibrodos_steamvent, layout_loops_ring,
          gammafunk_temple_overflow_pools, lair_entry_dummy,
          nicolae_benzene_ring, hangedman_abyss_or_decor_stabs, uniq_pikel
D:9:      layout_cave_pools, nicolae_ru_great_annihilating_truth,
          nicolae_overflow_crystal_walls, okawaru_altar_gauntlet_db
D:10:     layout_loops_ring, orc_0_dummy, xom_confusion_cloud
D:11:     layout_basic, uniq_maurice, uniq_harold
D:12:     layout_basic, enter_bailey_3, elyvilon_altar_4, uniq_azrael
D:13:     layout_roguey, erik_vaults_1
D:14:     layout_loops_ring, serial_park_tiny_pond, uniq_frances
D:15:     grunt_enter_depths_snipers, layout_long_grid, basic_altar
Lair:1:   beast_lair_carwin_large_3, layout_chaotic_city
Lair:2:   layout_gridlike, beast_lair_carwin_6, lemuel_fruit_tree
Lair:3:   layout_long_grid, minmay_snake_entry_guardpost_small,
          fungi_pond_lemuel, zaba_anthell
Lair:4:   layout_misc_corridors, minmay_swamp_entry_reptiles,
          grunt_megastairs_4, serial_bayou_shore_a
Lair:5:   layout_gridlike
Lair:6:   minmay_lair_end_enchanted_forest, layout_hall_layers, slime_altar_1,
          infiniplex_staircase_pool, serial_bayou_shore_b, serial_bayou_shore_b
Swamp:1:  layout_falls_marsh, infiniplex_staircase_pool_2
Swamp:2:  layout_basic_swamp, evilmike_swamp_ruin_house_3, swamp_pool2
Swamp:3:  layout_falls_marsh, nicolae_swamp_dense_foliage, swamp_pool2
Swamp:4:  swamp_pestilence, layout_basic_swamp
Orc:1:    layout_diamond_mine, gammafunk_ghost_wrathful_warriors
Orc:2:    grunt_orc_tribal_feast, layout_diamond_mine, nicolae_orc_bridge_out
